Map: Ulrena

Players

MythiC - Winner!

  • Race: Terran Terran
  • League: Master

lIIIlIIl

  • Race: Protoss Protoss
  • League: Master

VOD

Have the link to the VOD?

Description

Time

  • Played on: April 4, 2016, 4:34 a.m.
  • Length: 6:43
Show
View Real Time Build Order
Export as new Build Order

MythiC Terran - Winner!

Build Orders: 1/1/1, Liberator Opening 

Get SALT Encoding   

  12  0:00  SCV  
  13  0:13  SCV  
  14  0:17  Supply Depot  
  14  0:25  SCV  
  15  0:39  SCV  
  15  0:40  Barracks  
  16  0:44  Refinery  
  16  0:51  SCV  
  16  0:54  Refinery  
  17  1:03  SCV  
  18  1:15  SCV  
  19  1:27  Marine  
  19  1:28  Orbital Command  
  20  1:35  Factory  
  20  1:46  Supply Depot  
  20  1:52  Barracks Reactor  
  21  1:54  SCV  
  21  2:06  SCV  
  22  2:18  SCV  
  22  2:20  Starport, Factory Tech Lab  
  23  2:29  Marine x2  
  25  2:37  Supply Depot  
  25  2:39  Siege Tank  
  25  2:43  SCV  
  29  2:50  Marine x2  
  31  2:58  Medivac  
  31  3:03  Supply Depot  
  33  3:09  Marine  
  33  3:10  Marine  
  35  3:13  Cyclone  
  38  3:21  SCV  
  38  3:23  Liberator  
  39  3:32  Supply Depot, Marine x2  
  44  3:50  Marine x2  
  46  3:56  SCV  
  47  4:08  Marine  
  47  4:09  Marine  
  46  4:13  Siege Tank  
  50  4:17  Supply Depot  
  49  4:44  Bunker  
  49  4:47  Marine x2, Liberator  
  49  4:48  Siege Tank  
  51  5:04  Marine  
  55  5:11  Supply Depot  
  55  5:13  Engineering Bay  
  55  5:24  Marine x2  
  57  5:32  Bunker  
  57  5:36  Liberator  
  57  5:37  Siege Tank  
  57  5:42  Marine x2  
  63  5:59  Marine  
  63  6:00  Marine  
  63  6:17  Marine  
  59  6:24  Supply Depot  
  59  6:25  Missile Turret  
  62  6:27  Barracks  
  62  6:29  Missile Turret  
Show
View Real Time Build Order
Export as new Build Order

lIIIlIIl Protoss 

Build Orders: 1 Gate Expand, Phoenix Opening 

Get SALT Encoding   

  12  0:00  Probe (Chrono Boost)  
  13  0:11  Probe (Chrono Boost)  
  14  0:17  Pylon  
  14  0:22  Probe (Chrono Boost)  
  16  0:36  Probe (Chrono Boost)  
  16  0:37  Gateway  
  16  0:43  Assimilator  
  16  0:47  Probe (Chrono Boost)  
  17  0:57  Probe (Chrono Boost)  
  18  1:08  Probe (Chrono Boost)  
  19  1:24  Cybernetics Core  
  19  1:33  Nexus  
  19  1:35  Probe (Chrono Boost)  
  20  1:41  Assimilator  
  20  1:45  Probe (Chrono Boost)  
  21  1:50  Pylon  
  21  2:00  Adept (Chrono Boost)  
  23  2:04  Warp Gate (Chrono Boost)  
  23  2:08  Probe  
  24  2:21  Mothership Core  
  26  2:25  Adept (Chrono Boost)  
  28  2:42  Probe  
  28  2:43  Probe  
  30  2:54  Probe x2  
  32  2:58  Stargate  
  32  3:03  Adept (Chrono Boost)  
  32  3:05  Probe  
  34  3:06  Probe  
  36  3:12  Pylon  
  36  3:15  Probe  
  36  3:18  Probe  
  38  3:26  Probe  
  38  3:30  Probe, Gateway  
  40  3:35  Gateway  
  40  3:36  Probe  
  41  3:42  Probe  
  41  3:45  Pylon  
  40  3:49  Phoenix (Chrono Boost)  
  42  3:55  Probe  
  42  4:01  Pylon  
  43  4:08  Adept  
  45  4:10  Phoenix (Chrono Boost)  
  45  4:15  Pylon x2  
  47  4:27  Adept  
  47  4:29  Phoenix  
  47  4:38  Adept x2  
  46  4:55  Probe, Phoenix  
  49  5:05  Adept  
  49  5:06  Adept  
  53  5:11  Pylon  
  53  5:16  Pylon  
  53  5:28  Pylon  
  51  5:47  Adept  
  55  5:50  Pylon  
  55  5:52  Pylon, Adept  
  51  6:17  Adept x3  
  53  6:24  Cybernetics Core  
Tags
 
Add a new tag
Caveats
  • Supply blocks, unpowered buildings, or Contaminate may cause inaccurate times.
  • Supply counts are checked every 10 seconds.